 Seeded DCSS version 0.30-a0-218-gedb9141078 (webtiles) character file.

Game seed: 3736021085809959607 (custom seed)

129319 purpskrrrp the Tortoise (level 17, -8/116 HPs)
             Began as a Gargoyle Fighter on Oct 6, 2022.
             Was the Champion of Trog.
             Killed from afar by a fire giant (57 damage)
             ... with a bolt of fire
             ... on level 1 of the Depths.
             The game lasted 01:00:45 (24311 turns).

purpskrrrp the Tortoise (Gargoyle Fighter)         Turns: 24311, Time: 01:00:46

Health: -8/116     AC: 44    Str: 31    XL:     17   Next: 5%
Magic:  40/40      EV:  9    Int: 11    God:    Trog [******]
Gold:   2107       SH: 11    Dex: 11    Spells: 16/16 levels left

rFire   x . .      SeeInvis +    h - +5 eveningstar (holy)
rCold   x . .      Faith    .    L - +3 warlock's mirror {reflect}
rNeg    + + +      Spirit   .    H - +4 storm dragon scales "Seih" {rElec rC- SInv Stlth+}
rPois   ∞          Reflect  +    Q - +3 hat of Pondering {ponderous, Will+ MP+10 Int+5}
rElec   +          Harm     .    (no cloak)
rCorr   .          Rampage  .    I - +0 pair of gloves of Submission {rF- Str+4 SInv}
Will    ++...      Clarity  +    c - -2 pair of boots "Gawagg" {rPois rN+++ MP+9 Int-4}
Stlth   .......... Rnd*Tele +    A - amulet of regeneration
HPRegen 1.19/turn                i - +4 ring of protection
MPRegen 0.27/turn                D - +4 ring of slaying

@: flying, studying 2 skills, slow
A: sickness immunity, AC +12, big wings, negative energy resistance 1,
electricity resistance, torment resistance 1, petrification resistance, talons
1, thin skeletal structure 1, clarity, teleportitis 1
a: Renounce Religion, Berserk, Trog's Hand, Brothers in Arms


You were on level 1 of the Depths.
You worshipped Trog.
Trog was exalted by your worship.
You visited 4 branches of the dungeon, and saw 23 of its levels.
You also visited: Sewer, Bailey and Volcano.

You collected 4029 gold pieces.
You spent 1922 gold pieces at shops.

Inventory:

Hand Weapons
 h - a +5 eveningstar of holy wrath (weapon)
 F - the +10 morningstar "Eos" {elec, Halo rElec}
   (You found it on level 7 of the Dungeon)

   It occasionally discharges a powerful burst of electricity upon striking a
   foe.
   It grants its wielder a halo, revealing invisible creatures and increasing
   accuracy against all within it other than the wielder.
   rElec:     It insulates you from electricity.
 U - a +6 demon whip of protection
Missiles
 y - 6 throwing nets (quivered)
Armour
 c - the -2 pair of boots "Gawagg" (worn) {rPois rN+++ MP+9 Int-4}
   (You bought it in a shop on level 2 of the Orcish Mines)

   Int:       It affects your intelligence (-4).
   rPois:     It protects you from poison.
   rN:        It renders you almost immune to negative energy.
   MP:        It affects your magic capacity (+9).
 n - a +0 cloak
 H - the +4 storm dragon scales "Seih" (worn) {rElec rC- SInv Stlth+}
   (You found it on level 10 of the Dungeon)

   rC:        It makes you vulnerable to cold.
   rElec:     It insulates you from electricity.
   SInv:      It lets you see invisible.
   Stlth:     It makes you more stealthy.
 I - the +0 pair of gloves of Submission (worn) {rF- Str+4 SInv}
   (You acquired it on level 10 of the Dungeon)

   Str:       It affects your strength (+4).
   rF:        It makes you vulnerable to fire.
   SInv:      It lets you see invisible.
 K - a +2 pair of boots
 L - the +3 warlock's mirror (worn) {reflect}
   (You acquired it on level 9 of the Dungeon)

   It can block and reflect piercing ranged attacks and magical attacks against
   the wielder's willpower.
 Q - the +3 hat of Pondering (worn) {ponderous, Will+ MP+10 Int+5}
   (You took it off Gastronok on level 3 of the Lair of Beasts)

   Int:       It affects your intelligence (+5).
   MP:        It affects your magic capacity (+10).
   Will:      It increases your willpower.
Jewellery
 b - a ring of ice
 e - an amulet of reflection
 g - a +6 ring of strength
 i - a +4 ring of protection (left hand)
 m - a +6 ring of strength
 s - a ring of protection from cold
 t - an amulet of guardian spirit
 A - an amulet of regeneration (around neck)
 D - a +4 ring of slaying (right hand)
 G - a +6 ring of strength
 J - a +6 ring of dexterity
 N - a +4 ring of protection
 S - an amulet of magic regeneration
 Z - the ring "Caozero" {Fly rF- rN+ Will+++ rCorr Dex-5}
   (You found it on level 3 of the Lair of Beasts)

   [ring of positive energy]

   Dex:       It affects your dexterity (-5).
   rF:        It makes you vulnerable to fire.
   rN:        It protects you from negative energy.
   Fly:       It grants you flight.
   rCorr:     It protects you from acid and corrosion.
   Will:      It greatly increases your willpower.
Wands
 o - a wand of polymorph (18)
 u - a wand of flame (16)
 B - a wand of iceblast (15)
 C - a wand of paralysis (26)
 O - a wand of light (10)
Scrolls
 p - 5 scrolls of teleportation
 q - 3 scrolls of silence {unknown}
 r - 6 scrolls of butterflies
 v - a scroll of fear
 x - a scroll of acquirement
 E - 17 scrolls of identify
 M - 4 scrolls of poison
 R - 3 scrolls of blinking
 T - a scroll of magic mapping
Potions
 a - a potion of invisibility {unknown}
 d - 2 potions of cancellation
 f - 2 potions of ambrosia
 j - 10 potions of curing
 k - 4 potions of lignification
 l - 3 potions of berserk rage
 w - 7 potions of heal wounds
 z - 2 potions of resistance
 P - 4 potions of might
 V - a potion of haste
 W - 3 potions of mutation


   Skills:
 + Level 16.9 Fighting
 * Level 17.2 Maces & Flails
 * Level 19.3 Armour
 * Level 19.2 Shields
 + Level 6.4 Invocations


You had 16 spell levels left.
You didn't know any spells.
Your spell library contained the following spells:

 Spells                   Type           Power      Damage    Failure   Level
 Beastly Appendage        Tmut           0%         N/A       71%         1
 Necrotise                Necr           0%         1d4       71%         1
 Wereblood                Tmut           0%         N/A       83%         2
 Spider Form              Tmut/Pois      0%         N/A       97%         3
 Vampiric Draining        Necr           0%         2d6       97%         3
 Agony                    Necr           0%         N/A       100%        5


Dungeon Overview and Level Annotations

Branches:
Dungeon (15/15)            Temple (0/1) D:7            Lair (5/5) D:11
  Swamp (0/4) Lair:3        Snake (0/4) Lair:3        Slime (0/5) Lair:5
    Orc (2/2) D:11            Elf (0/3) Orc:2        Vaults (0/5) D:13
 Depths (1/4) D:15          Sewer (visited)          Bailey (visited)
Volcano (visited)

Altars:
Ashenzari
Cheibriados
Dithmenos
Gozag
Kikubaaqudgha
Makhleb
Qazlal
Ru
Trog
Uskayaw
Wu Jian
Xom
Yredelemnul
The Shining One
Jiyva

Shops:
D:6 [   D:8 [   D:14 ([[*:   Orc:2 [(*:=([   Depths:1 :=:

Portals:
Trove: D:13 (show slimy rune of Zot)

Annotations:
D:10 exclusion: orange crystal statue


Innate Abilities, Weirdness & Mutations

You are immune to sickness and miasma.
Your stone body is resilient. (AC +12)
You are immune to poison.
Your large and strong wings let you fly.
You resist negative energy. (rN+)
You are resistant to electric shocks. (rElec)
You are resistant to unholy torment.
You are immune to petrification.
You have sharp toenails.
You have a somewhat thin skeletal structure. (Dex +2, Stealth+)
You possess an exceptional clarity of mind.
You are occasionally teleported next to monsters.


Message History

You barely miss the fire giant.
The fire giant is lightly wounded.
The fire giant hits you with a +1 great sword of flaming!
The fire giant burns you!
You are too injured to fight recklessly!
You are too injured to fight recklessly!
You are too injured to fight recklessly!
You are too injured to fight recklessly!
You are too injured to fight recklessly!
You are too injured to fight recklessly!
You are too injured to fight recklessly!
You are too injured to fight recklessly!
You are too injured to fight recklessly!
You are too injured to fight recklessly!
You are too injured to fight recklessly!
You are too injured to fight recklessly!
You are too injured to fight recklessly!
You are too injured to fight recklessly!
You are too injured to fight recklessly!
You are too injured to fight recklessly!
You are too injured to fight recklessly!
You are too injured to fight recklessly!
You are too injured to fight recklessly!
You are too injured to fight recklessly!
You are too injured to fight recklessly!
You hit the fire giant but do no damage.
The fire giant is lightly wounded.
You impale the fire giant!!
The fire giant is moderately wounded.
The fire giant hits you but does no damage.
You hit the fire giant.
The fire giant is moderately wounded.
You block the fire giant's attack.
You impale the fire giant!!
The fire giant is heavily wounded.
You barely miss the fire giant.
The fire giant is heavily wounded.
The fire giant gestures at you while chanting.
The bolt of fire hits you!!! The fire burns you terribly!
You die...

.......#..###.#####...# ...
.......#..##.....##...#
.......#...#..........#
.......#...'..........#
.......#..##.....##([.#
#......#..##.>...##'###
#......#.........##..######
#......#........C#...#....#
#......#........@+...#....#
#......#.........#...#....#
#......#####.###'##.###...#
###......###.##..##.###...#
#......#...'............#
#......#...#............#
#......#...#............#
#......'...#............#
##......##..####...#######


You could see a fire giant.

Vanquished Creatures
  A lich (Depths:1)
  A titan (Depths:1)
  A sphinx (Depths:1)
  Gastronok (Lair:3)
  A fire giant (Depths:1)
  A frost giant (Depths:1)
  An orc warlord (Orc:2)
  3 stone giants (Depths:1)
  4 very ugly things (Depths:1)
  A vampire knight (Depths:1)
  Snorg (D:11)
  2 ettins (Depths:1)
  Harold (D:11)
  Erolcha (D:13)
  A vault guard (D:13)
  9 hydras
  2 rakshasas (Depths:1)
  An ice dragon (Lair:5)
  An ogre mage (D:15)
  6 boulder beetles
  7 centaur warriors
  A spriggan air mage (Depths:1)
  2 death knights (D:15)
  3 deep troll shamans (Depths:1)
  3 catoblepae
  2 tengu warriors (D:14)
  4 deep troll earth magi (Depths:1)
  6 two-headed ogres
  An orc high priest (Orc:2)
  Sonja (D:13)
  A spriggan berserker (Depths:1)
  Urug (D:12)
  3 iron trolls
  8 deep trolls (Depths:1)
  A deep elf archer (Volcano)
  6 lindwurms
  A wolf spider zombie (D:15)
  8 deep elf pyromancers
  2 wizards
  7 orc knights (Orc:2)
  A necromancer (D:15)
  4 cyclopes
  A manticore (D:13)
  4 orc sorcerers (Orc:2)
  3 slime creatures (D:12)
  20 ugly things
  An oklob plant (Lair:2)
  Maurice (D:11)
  3 elephants (Lair:5)
  3 naga magi (D:15)
  Joseph (D:7)
  6 torpor snails
  An ice statue (D:14)
  2 black mambas (Lair:5)
  6 cane toads
  2 centaur skeletons (D:15)
  2 gargoyles (D:13)
  A yaktaur (D:13)
  2 unseen horrors
  3 kobold demonologists
  A tengu conjurer (D:14)
  3 rime drakes
  7 komodo dragons
  9 trolls
  10 hornets
  11 polar bears
  4 raiju (Lair:5)
  4 tyrant leeches (Lair:5)
  5 dream sheep
  8 blink frogs
  2 spriggans (Depths:1)
  Eustachio (D:4)
  5 fire elementals (Volcano)
  7 wyverns
  2 centaur simulacra
  2 shadows
  3 vampires
  A water elemental (D:14)
  2 wraiths
  7 basilisks
  41 yaks
  Grum (D:9)
  3 steam dragons
  9 vampire mosquitoes
  A redback simulacrum (D:15)
  The ghost of timneilson the Shield-Bearer, an amateur GrFi (D:3)
  A naga (Lair:3)
  10 wargs
  18 water moccasins
  An acid dragon (D:12)
  14 hell hounds
  2 sky beasts (D:7)
  25 orc warriors
  17 black bears
  6 centaurs
  7 ogres
  47 wolves
  7 kobold brigands
  Blork the orc (D:6)
  10 bullfrogs
  A necrophage (D:7)
  3 gnoll sergeants
  2 scorpions
  11 wights (D:7)
  A howler monkey (D:5)
  An iron imp (D:10)
  3 hounds
  6 jellies
  Crazy Yiuf (D:6)
  A gnoll bouda (D:8)
  17 orc priests
  2 iguanas (D:6)
  Terence (D:3)
  A hell rat (Sewer)
  14 orc wizards
  A boggart simulacrum (D:15)
  16 gnolls
  5 adders
  3 river rats (Sewer)
  2 shadow imps
  A white imp (D:6)
  3 ufetubi
  A worm (D:3)
  A dart slug (D:1)
  44 orcs
  8 endoplasms
  2 giant cockroaches
  8 hobgoblins
  4 quokkas
  4 ball pythons
  8 bats
  4 frilled lizards
  6 goblins
  32 kobolds
  9 rats
  A butterfly (Lair:4)
719 creatures vanquished.

Vanquished Creatures (collateral kills)
  3 oklob plants (Lair:2)
  2 yaks (Lair:2)
  A floating eye (Lair:2)
  A plant (Lair:2)
7 creatures vanquished.

Vanquished Creatures (others)
  2 orcs
  A kobold (D:6)
  59 fungi
  74 plants
136 creatures vanquished.

Grand Total: 862 creatures vanquished

Notes
Turn   | Place    | Note
-------+----------+-------------------------------------------
     0 | D:1      | purpskrrrp the Gargoyle Fighter began the quest for the
                  | Orb.
     0 | D:1      | Reached XP level 1. HP: 14/14 MP: 1/1
    72 | D:1      | Found a faded altar of an unknown god.
   280 | D:1      | Reached XP level 2. HP: 19/19 MP: 2/2
   821 | D:1      | Prayed at the altar of an unknown god.
   821 | D:1      | Became a worshipper of Trog the Wrathful
   821 | D:1      | Reached * piety under Trog
  1014 | D:2      | Reached XP level 3. HP: 15/23 MP: 3/3
  1882 | D:3      | Noticed Terence
  1915 | D:3      | Killed Terence
  1916 | D:3      | Reached XP level 4. HP: 27/29 MP: 4/4
  1926 | D:3      | Found a runed translucent door.
  1930 | D:3      | Noticed timneilson's ghost (amateur GrFi)
  2106 | D:3      | Reached ** piety under Trog
  2443 | D:3      | Reached XP level 5. HP: 33/33 MP: 5/5
  2454 | D:3      | Killed timneilson's ghost
  2455 | D:3      | Reached XP level 6. HP: 19/39 MP: 6/6
  2746 | D:4      | Found a bloodstained altar of Trog.
  2776 | D:4      | Noticed Eustachio
  2787 | D:4      | HP: 1/39 [quasit[Eustachio] (2)]
  2822 | D:4      | Found a glowing drain.
  2831 | Sewer    | Entered a sewer
  3158 | D:4      | Reached XP level 7. HP: 42/44 MP: 7/7
  3413 | D:4      | Identified the +7 hand axe of the Middle {vorpal, rC+}
  3571 | D:4      | Killed Eustachio
  3572 | D:4      | Reached skill level 5 in Fighting
  3572 | D:4      | Reached skill level 5 in Maces & Flails
  3572 | D:4      | Reached skill level 5 in Armour
  3572 | D:4      | Reached skill level 5 in Shields
  3597 | D:5      | Entered Level 5 of the Dungeon
  3703 | D:5      | Found a basalt altar of Yredelemnul.
  3705 | D:5      | Noticed a profane servitor
  3753 | D:5      | Identified the +6 quarterstaff of Narrow Action {drain,
                  | *Corrode Will+ Str+2 Int+3}
  3868 | D:5      | Found a sacrificial altar of Ru.
  4065 | D:5      | Reached XP level 8. HP: 36/50 MP: 8/8
  4218 | D:5      | Found a glowing golden altar of the Shining One.
  4220 | D:5      | Noticed an angel
  4756 | D:6      | Noticed Blork the orc
  4757 | D:6      | Found Jassox's Armour Boutique.
  4770 | D:6      | Killed Blork the orc
  4770 | D:6      | Reached *** piety under Trog
  5027 | D:6      | Found a runed translucent door.
  5028 | D:6      | Noticed Crazy Yiuf
  5350 | D:6      | Reached XP level 9. HP: 54/56 MP: 9/9
  5549 | D:6      | Killed Crazy Yiuf
  5699 | D:7      | Found a shimmering altar of Xom.
  5877 | D:7      | Found a burning altar of Makhleb.
  5877 | D:7      | Found the +10 morningstar "Eos" {elec, Halo rElec}
  6060 | D:7      | Noticed Joseph
  6067 | D:7      | Killed Joseph
  6067 | D:7      | Reached **** piety under Trog
  6230 | D:7      | Reached XP level 10. HP: 30/63 MP: 10/10
  6361 | D:7      | Noticed an unseen horror
  6363 | D:7      | Killed an unseen horror
  6772 | D:7      | Found a staircase to the Ecumenical Temple.
  7189 | D:8      | Found a shadowy altar of Dithmenos.
  7335 | D:8      | Found Xefixkei's Antique Armour Shop.
  7366 | D:8      | Found a broken altar of Ashenzari.
  7526 | D:8      | Found a hide-covered altar of Uskayaw.
  7562 | D:8      | Reached ***** piety under Trog
  7736 | D:8      | Reached skill level 10 in Maces & Flails
  8209 | D:9      | Found a flagged portal.
  8221 | Bailey   | Entered a bailey
  8673 | D:9      | Noticed Grum
  8681 | D:9      | Killed Grum
  8682 | D:9      | Reached XP level 11. HP: 59/69 MP: 11/11
  8723 | D:9      | Noticed a two-headed ogre
  8729 | D:9      | Killed a two-headed ogre
  8825 | D:9      | Identified 3 scrolls of acquirement
  8825 | D:9      | Acquired a manual of Armour
  8827 | D:9      | Acquired the +3 warlock's mirror {reflect}
  8827 | D:9      | Found the +3 warlock's mirror {reflect}
  8982 | D:9      | Noticed a two-headed ogre
  8989 | D:9      | Killed a two-headed ogre
  9202 | D:9      | Found an ornate altar of the Wu Jian Council.
  9312 | D:9      | Found an ancient bone altar of Kikubaaqudgha.
  9496 | D:9      | Found a stormy altar of Qazlal.
  9642 | D:9      | Acquired a manual of Shields
  9685 | D:10     | Entered Level 10 of the Dungeon
  9752 | D:10     | Noticed a two-headed ogre
  9760 | D:10     | Killed a two-headed ogre
  9983 | D:10     | Found an opulent altar of Gozag.
 10260 | D:10     | Acquired a manual of Fighting
 10268 | D:10     | Gained mutation: You are frail. (-10% HP) [potion of
                  | mutation]
 10268 | D:10     | Gained mutation: Armour fits poorly on your strangely
                  | shaped body. [potion of mutation]
 10268 | D:10     | Gained mutation: You are clumsy. (Dex -2) [potion of
                  | mutation]
 10269 | D:10     | Lost mutation: You are frail. (-10% HP) [potion of
                  | mutation]
 10269 | D:10     | Lost mutation: You are clumsy. (Dex -2) [potion of
                  | mutation]
 10269 | D:10     | Lost mutation: Armour fits poorly on your strangely shaped
                  | body. [potion of mutation]
 10269 | D:10     | Gained mutation: Armour fits poorly on your strangely
                  | shaped body. [potion of mutation]
 10269 | D:10     | Gained mutation: Your spells are a little harder to cast,
                  | but a little more powerful. [potion of mutation]
 10269 | D:10     | Gained mutation: You sometimes lose your temper in combat.
                  | [potion of mutation]
 10272 | D:10     | Noticed an orange crystal statue
 10281 | D:10     | Identified the +4 storm dragon scales "Seih" {rElec rC-
                  | SInv Stlth+}
 10488 | D:10     | Found a snail-covered altar of Cheibriados.
 10714 | D:10     | Acquired the +0 pair of gloves of Submission {rF- Str+4
                  | SInv}
 10720 | D:10     | Lost mutation: You sometimes lose your temper in combat.
                  | [potion of mutation]
 10720 | D:10     | Lost mutation: Your spells are a little harder to cast, but
                  | a little more powerful. [potion of mutation]
 10720 | D:10     | Lost mutation: Armour fits poorly on your strangely shaped
                  | body. [potion of mutation]
 10720 | D:10     | Gained mutation: You possess an exceptional clarity of
                  | mind. [potion of mutation]
 10720 | D:10     | Gained mutation: You are occasionally teleported next to
                  | monsters. [potion of mutation]
 10720 | D:10     | Gained mutation: You have sharp toenails. [potion of
                  | mutation]
 10720 | D:10     | Gained mutation: You have a somewhat thin skeletal
                  | structure. (Dex +2, Stealth+) [potion of mutation]
 11034 | D:11     | Noticed a purple ugly thing
 11034 | D:11     | Noticed Maurice
 11041 | D:11     | Killed a purple ugly thing
 11042 | D:11     | Reached skill level 10 in Armour
 11047 | D:11     | Killed Maurice
 11048 | D:11     | Reached skill level 10 in Shields
 11052 | D:11     | Found a staircase to the Orcish Mines.
 11173 | D:11     | Found a staircase to the Lair.
 11188 | D:11     | Reached skill level 10 in Fighting
 11200 | D:11     | Reached XP level 12. HP: 61/77 MP: 12/12
 11228 | D:11     | Noticed Snorg
 11239 | D:11     | Killed Snorg
 11278 | D:11     | Noticed Harold
 11283 | D:11     | Killed Harold
 11383 | D:11     | Noticed a boulder beetle
 11395 | D:11     | Killed a boulder beetle
 11556 | D:11     | Received a gift from Trog
 11805 | D:12     | Noticed a two-headed ogre
 11810 | D:12     | Noticed a two-headed ogre
 11814 | D:12     | Killed a two-headed ogre
 11822 | D:12     | Killed a two-headed ogre
 12176 | D:12     | Noticed Urug
 12180 | D:12     | Killed Urug
 12803 | D:13     | Noticed a vault guard
 12820 | D:13     | Killed a vault guard
 12826 | D:13     | Reached XP level 13. HP: 48/85 MP: 13/13
 13068 | D:13     | Noticed Sonja
 13078 | D:13     | Killed Sonja
 13161 | D:13     | Noticed Erolcha
 13165 | D:13     | Killed Erolcha
 13210 | D:13     | Found a portal to a secret trove of treasure.
 13522 | D:13     | Reached skill level 15 in Armour
 13623 | D:13     | Found a gate to the Vaults.
 13932 | Lair:1   | Entered Level 1 of the Lair of Beasts
 13983 | Lair:1   | Reached skill level 15 in Shields
 14039 | Lair:1   | Received a gift from Trog
 14857 | Lair:2   | Paralysed by a floating eye for 4 turns
 14870 | Lair:2   | Paralysed by a floating eye for 3 turns
 15155 | Lair:2   | Gained mutation: Your large and strong wings let you fly.
                  | [Gargoyle growth]
 15155 | Lair:2   | Reached XP level 14. HP: 84/94 MP: 14/14
 15502 | Lair:2   | Identified the +2 sling of Reason {venom, SInv}
 15642 | Lair:3   | Found a staircase to the Snake Pit.
 15660 | Lair:3   | Found a dark tunnel.
 15684 | Volcano  | Entered a volcano
 15768 | Volcano  | Received a gift from Trog
 16026 | Lair:3   | Found a staircase to the Swamp.
 16136 | Lair:3   | Noticed Gastronok
 16147 | Lair:3   | Killed Gastronok
 16220 | Lair:3   | You are sucked into a shaft and drop 2 floors!
 16220 | Lair:5   | Entered Level 5 of the Lair of Beasts
 17308 | Lair:3   | Reached skill level 15 in Maces & Flails
 17325 | Lair:3   | Identified the ring "Caozero" {Fly rF- rN+ Will+++ rCorr
                  | Dex-5}
 17331 | Lair:3   | Identified the +6 great sword of Magnificence {protect,
                  | Int-4 Dex+4}
 18044 | Lair:5   | Found a staircase to the Slime Pits.
 18045 | Lair:5   | Found a viscous altar of Jiyva.
 18250 | Lair:5   | Found a runed translucent door.
 18319 | Lair:5   | Reached XP level 15. HP: 101/101 MP: 15/15
 18396 | Lair:5   | Received a gift from Trog
 18438 | Lair:5   | Reached ****** piety under Trog
 18745 | Lair:5   | Reached skill level 15 in Fighting
 19544 | Orc:1    | Entered Level 1 of the Orcish Mines
 19545 | Orc:1    | Acquired a +4 eveningstar of holy wrath
 20066 | Orc:2    | Entered Level 2 of the Orcish Mines
 20066 | Orc:2    | Found a staircase to the Elven Halls.
 20335 | Orc:2    | Received a gift from Trog
 20338 | Orc:2    | Found Reyzug's Antique Armour Boutique.
 20451 | Orc:2    | Found Niyn's Jewellery Boutique.
 20463 | Orc:2    | Found Bani's Weapon Shoppe.
 20523 | Orc:2    | Bought a pair of encrusted boots for 285 gold pieces
 20523 | Orc:2    | Identified the -2 pair of boots "Gawagg" {rPois rN+++ MP+9
                  | Int-4} (You bought it in a shop on level 2 of the Orcish
                  | Mines)
 20617 | Orc:2    | Noticed an orc warlord
 20628 | Orc:2    | Killed an orc warlord
 20728 | Orc:2    | Found Disapeo's Book Boutique.
 20786 | Orc:2    | Found Joudogra's Antique Weapon Boutique.
 20879 | Orc:2    | Found Ecvizxay's General Store.
 20895 | Orc:2    | Found Emmifocu's Antique Armour Boutique.
 20902 | Orc:2    | Bought a glowing cloak for 202 gold pieces
 21442 | D:14     | Found Gisu's General Store.
 21450 | D:14     | Bought a scroll of brand weapon for 95 gold pieces
 21450 | D:14     | Bought 2 potions of curing for 60 gold pieces
 21459 | D:14     | Identified the +0 chain mail of the Jackalope {Rampage}
 21758 | D:14     | Found Jaug's Book Shop.
 21794 | D:14     | Bought a manual of Invocations for 1280 gold pieces
 21838 | D:14     | Found Ohey's Armour Shop.
 21863 | D:14     | Found Ystryfa's Antique Armour Shoppe.
 21889 | D:14     | Reached XP level 16. HP: 110/110 MP: 16/16
 21931 | D:14     | Reached skill level 1 in Invocations
 22192 | D:14     | Found Ser Zire's Weapon Shoppe.
 22472 | D:15     | Entered Level 15 of the Dungeon
 22634 | D:15     | Received a gift from Trog
 23232 | D:15     | Found a staircase to the Depths.
 23254 | Depths:1 | Entered Level 1 of the Depths
 23496 | Depths:1 | Noticed a sphinx
 23503 | Depths:1 | Killed a sphinx
 23512 | Depths:1 | Found Kimep's Jewellery Emporium.
 23513 | Depths:1 | Found Zuineogi's Book Shop.
 23513 | Depths:1 | Found Mirghuick's Book Shop.
 23525 | Depths:1 | Reached skill level 5 in Invocations
 23627 | Depths:1 | Received a gift from Trog
 23852 | Depths:1 | Noticed a shadow dragon
 23852 | Depths:1 | Noticed a golden dragon
 23852 | Depths:1 | Noticed a titan
 23852 | Depths:1 | Noticed a lich
 23876 | Depths:1 | Killed a lich
 23981 | Depths:1 | Killed a titan
 24118 | Depths:1 | Reached XP level 17. HP: 34/116 MP: 21/21
 24311 | Depths:1 | Killed from afar by a fire giant

Illustrated notes

Levels and vault maps discovered:
D:1:      mrwooster_arrival_statue_2, layout_loops_corners,
          basic_ecumenical_altar
D:2:      layout_basic
D:3:      layout_rooms, ebering_ghost_sewer_d, kennysheep_generic_room_10,
          uniq_terence
D:4:      layout_cave_pools, trog_butcher_becter, portal_sewer_entry_d,
          uniq_eustachio
D:5:      layout_gridville, hangedman_ru_absence, grunt_temple_overflow_holy_war
D:6:      layout_basic, kennysheep_diamond, uniq_crazy_yiuf_cottage,
          uniq_blork_the_orc
D:7:      minmay_polygon_palace, layout_loops_ring,
          mainiacjoe_overflow_surrounded_room, bloody_makhleb,
          lemuel_temple_firewalk_a, minmay_statues_item, grunt_ministairs_12,
          uniq_joseph
D:8:      layout_layer_cave, eat_drink_and_be_merry_uskayaw,
          nicolae_dithmenos_through_a_glass_darkly, lemuel_tele_altar,
          serial_shops, shop_fountains
D:9:      layout_roguey, nicolae_qazlal_eye_of_the_storm,
          pdpol_wu_jian_five_deadly_venoms, lemuel_coloured_pillars_altar,
          enter_bailey_2, uniq_grum
D:10:     layout_roguey, slow_altar_2,
          mainiacjoe_overflow_concentric_impassable, minmay_protected_statue
D:11:     layout_small_grid, due_lair_maze_entry_diamond, orc_0_dummy,
          uniq_harold, uniq_maurice, uniq_snorg
D:12:     layout_basic, grunt_ministairs_4, st_stairs_2, uniq_urug
D:13:     layout_gridville, david_vaults_5, nicolae_trove_entry_free_sample,
          roderic_nine_men_s_morris, uniq_sonja, uniq_erolcha
D:14:     minmay_statue_hallways, layout_cave_pods, serial_shops, shop, shop,
          shop, shop, nicolae_shop_behind_doors, kennysheep_flooded_box,
          kennysheep_generic_room_6
D:15:     grunt_enter_depths_magical_seal, layout_loops_ring,
          kennysheep_two_boxes
Lair:1:   layout_roguey
Lair:2:   layout_roguey, disabler_island
Lair:3:   layout_cave_pods, swamp_mist, guppyfry_snake_entry_island,
          nicolae_volcano_entry_hallway, minmay_lindwurm_lava,
          grunt_megastairs_1, uniq_gastronok
Lair:4:   layout_cellular_growth, minivault_26, lemuel_fruit_fields
Lair:5:   hangedman_lair_caniforms_friends, layout_cave_pods, wormcave,
          slime_entry_1, serial_bayou_shore_b
Orc:1:    nicolae_orc_accident_3, layout_caves, mines1_david
Orc:2:    grunt_orc_cross, layout_caves, serial_shops, nicolae_shop_waterfront,
          nicolae_shop_hallway_stairs, guppyfry_orc_lava_fort
Depths:1: lemuel_castle_with_subvaults [lemuel_castle_interior_carwin_1],
          layout_gridville, hell_entry, roderic_serpentine_path,
          lemuel_statue_altar, minmay_the_grid_square_5x5_3x3_mashed
          [minmay_the_grid_square_5x5_intrusive_squares,
          minmay_the_grid_square_5x5_shrine2, minmay_the_grid_square_5x5_slash,
          minmay_the_grid_square_5x5_spiral_small,
          minmay_the_grid_square_5x5_megaprize_checkered,
          minmay_the_grid_square_5x5_three_small,
          minmay_the_grid_square_5x5_three_walls,
          minmay_the_grid_square_5x5_forky,
          minmay_the_grid_square_5x5_gyroscope], minmay_shop_grove

Skill      XL: |  1  2  3  4  5  6  7  8  9 10 11 12 13 14 15 16 |
---------------+-------------------------------------------------+-----
Maces & Flails | 3 4 5 7 8 10 11 13 14 15 16 17 | 17.2
Fighting       | 4 5 6 7 8 10 11 13 14 15 16 | 16.9
Shields        | 4 5 6 7 8 11 13 16 17 18 19 | 19.2
Armour         | 4 5 6 7 8 11 14 16 17 18 19 | 19.3
Invocations    | 6 |  6.4

Action                   |  1- 3 |  4- 6 |  7- 9 | 10-12 | 13-15 | 16-18 || total
-------------------------+-------+-------+-------+-------+-------+-------++-------
Melee: Flail             |   141 |   133 |   290 |       |       |       ||   564
       Morningstar       |       |       |    28 |   433 |   881 |   231 ||  1573
       Eveningstar       |       |       |       |       |       |    74 ||    74
Throw: Throwing net      |       |       |       |     1 |       |       ||     1
Invok: Berserk           |       |       |     1 |       |     2 |       ||     3
       Brothers in Arms  |       |       |       |       |     1 |       ||     1
  Use: Potion            |       |     3 |     3 |     5 |       |     4 ||    15
       Scroll            |       |    11 |     2 |    18 |    12 |     3 ||    46
 Stab: Petrified         |       |       |       |       |     4 |       ||     4
Armor: Scale mail        |    58 |    80 |   216 |    61 |       |       ||   415
       Storm dragon scal |       |       |       |   166 |   633 |   241 ||  1040
Dodge: Dodged            |    50 |    35 |    96 |   128 |   331 |    92 ||   732
Block: Buckler           |    63 |    34 |       |   272 |   624 |   183 ||  1176
       Reflection        |     1 |     3 |     7 |    22 |    37 |    18 ||    88
       Tower shield      |       |   114 |   411 |   161 |       |       ||   686

Table legend: (Time is in decaauts)
 A = Elapsed time spent in this place.
 B = Non-inter-level travel time spent in this place.
 C = Inter-level travel time spent in this place.
 D = Time resting spent in this place.
 E = Time spent auto-exploring this place.
 F = Levels seen in this place.
 G = Mean time per level.
                   A        B        C        D        E       F      G
               +--------+--------+--------+--------+--------+-----+--------+
         Total |  24967 |  23583 |   1384 |   1550 |  17255 |  26 |  960.3 |
       Dungeon |  15715 |  14816 |    899 |   1155 |  10930 |  15 | 1047.7 |
          Lair |   5472 |   5204 |    268 |     51 |   4226 |   5 | 1094.4 |
  Orcish Mines |   1787 |   1716 |     71 |     57 |   1322 |   2 |  893.5 |
        Depths |    982 |    837 |    145 |    163 |    320 |   1 |  982.0 |
         Sewer |    276 |    276 |      0 |    123 |     63 |   1 |  276.0 |
        Bailey |    438 |    438 |      0 |      0 |    254 |   1 |  438.0 |
       Volcano |    294 |    294 |      0 |      0 |    138 |   1 |  294.0 |
               +--------+--------+--------+--------+--------+-----+--------+

Top non-repeatable levels by time:
  Lair:5: 1577 daAuts
     D:7: 1566 daAuts
    D:10: 1296 daAuts
    D:12: 1275 daAuts
    D:14: 1240 daAuts
     D:8: 1124 daAuts
  Lair:3: 1119 daAuts
     D:6: 1106 daAuts
  Lair:4: 1080 daAuts
     D:9: 1058 daAuts
   Orc:2: 1036 daAuts
Depths:1: 982 daAuts
     D:2: 964 daAuts
     D:5: 947 daAuts
    D:13: 938 daAuts
